[ AOE2 MATCH · #495706710 ]
UnrankedHuns vs Mongols
Player's team · WIN
Rival team · LOSS
[ REPLAY ANALYSIS · EXTRACTED FROM THE RECORDED GAME ]
Feudal
8:51
Castle
23:47
Imperial
43:50
| APM avg | 48.1 |
| APM peak | 85 |
| eAPM avg | 30.1 |
| Villagers / military | 235 / 497 |
Focus
⚔️ 50.0% · 🌾 50.0%
Scout Cavalry ×208 · Spearman ×138 · Knight ×79 · Tarkan ×27 · Battering Ram ×21 · Skirmisher ×20
Feudal
8:55
Castle
26:02
Imperial
47:55
| APM avg | 66.8 |
| APM peak | 124 |
| eAPM avg | 34.5 |
| Villagers / military | 325 / 331 |
Focus
⚔️ 39.9% · 🌾 60.1%
Scout Cavalry ×142 · Camel Scout ×107 · Skirmisher ×63 · Monk ×8 · Mangudai ×4 · Trebuchet (Packed) ×3
Match map
Initial resources + every placement click. Lines = walls · curves = elevation contours. ◆ gold · ⬟ stone · ● berries · ✦ relic · ◌ wall gap
Your base· Open — unwalled flank
j1nkerS's base· Open — 4t gap
Smoothed initial terrain · ◌ = detected wall gap · hover for details
Inputs per minute
— Mingzhou - - j1nkerS
Build order — Mingzhou
First 150 of 1061 actions detected
| 0:01 | Queue | Villager (Male) |
| 0:01 | Queue | Villager (Male) |
| 0:02 | Queue | Villager (Male) |
| 0:07 | Queue | Villager (Male) |
| 1:27 | Queue | Villager (Male) |
| 1:27 | Queue | Villager (Male) |
| 1:41 | Queue | Villager (Male) |
| 1:41 | Queue | Villager (Male) |
| 2:16 | Queue | Villager (Male) |
| 2:16 | Queue | Villager (Male) |
| 2:23 | Queue | Villager (Male) |
| 2:23 | Queue | Villager (Male) |
| 2:35 | Build | Lumber Camp |
| 2:46 | Queue | Villager (Male) |
| 2:46 | Queue | Villager (Male) |
| 3:40 | Queue | Villager (Male) |
| 3:40 | Queue | Villager (Male) |
| 3:40 | Queue | Villager (Male) |
| 3:41 | Queue | Villager (Male) |
| 4:25 | Queue | Villager (Male) |
| 4:25 | Queue | Villager (Male) |
| 4:33 | Queue | Villager (Male) |
| 5:06 | Build | Mill |
| 6:09 | Research | Loom |
| 6:35 | Research | Feudal Age |
| 6:35 | Research | Feudal Age |
| 7:44 | Queue | Villager (Male) |
| 7:58 | Build | Barracks |
| 8:06 | Queue | Villager (Male) |
| 8:46 | Queue | Villager (Male) |
| 8:51 | Age | Feudal Age |
| 8:54 | Queue | Spearman |
| 8:57 | Build | Archery Range |
| 9:13 | Queue | Spearman |
| 9:16 | Queue | Villager (Male) |
| 9:34 | Queue | Spearman |
| 9:54 | Queue | Villager (Male) |
| 10:04 | Queue | Skirmisher |
| 10:04 | Queue | Skirmisher |
| 10:10 | Queue | Villager (Male) |
| 10:21 | Queue | Villager (Male) |
| 11:00 | Queue | Villager (Male) |
| 11:19 | Queue | Skirmisher |
| 11:24 | Build | Watch Tower |
| 11:46 | Build | Farm |
| 12:01 | Queue | Villager (Male) |
| 12:03 | Build | Farm |
| 12:19 | Queue | Villager (Male) |
| 12:30 | Build | Farm |
| 12:31 | Build | Farm |
| 12:32 | Build | Farm |
| 12:34 | Build | Farm |
| 12:42 | Queue | Villager (Male) |
| 12:42 | Queue | Villager (Male) |
| 12:45 | Build | Blacksmith |
| 13:05 | Queue | Skirmisher |
| 13:23 | Queue | Villager (Male) |
| 13:25 | Queue | Skirmisher |
| 13:43 | Queue | Villager (Male) |
| 13:45 | Build | Farm |
| 13:55 | Build | Mining Camp |
| 14:04 | Queue | Skirmisher |
| 14:30 | Research | Fletching |
| 14:34 | Queue | Skirmisher |
| 14:54 | Queue | Villager (Male) |
| 14:55 | Queue | Skirmisher |
| 15:17 | Queue | Skirmisher |
| 15:22 | Queue | Villager (Male) |
| 15:52 | Queue | Villager (Male) |
| 16:04 | Build | Watch Tower |
| 16:17 | Queue | Skirmisher |
| 16:19 | Research | Padded Archer Armor |
| 16:19 | Research | Padded Archer Armor |
| 16:28 | Queue | Villager (Male) |
| 16:30 | Build | Farm |
| 16:30 | Build | Farm |
| 16:38 | Build | Watch Tower |
| 16:49 | Build | Palisade Wall |
| 16:50 | Build | Palisade Wall |
| 17:03 | Queue | Skirmisher |
| 17:04 | Queue | Skirmisher |
| 17:14 | Queue | Villager (Male) |
| 17:16 | Build | Farm |
| 17:18 | Build | Farm |
| 17:18 | Build | Farm |
| 17:28 | Queue | Skirmisher |
| 17:29 | Queue | Skirmisher |
| 17:42 | Queue | Skirmisher |
| 17:44 | Queue | Villager (Male) |
| 17:55 | Queue | Skirmisher |
| 17:56 | Queue | Villager (Male) |
| 17:58 | Build | Farm |
| 17:59 | Build | Farm |
| 18:06 | Queue | Skirmisher |
| 18:16 | Build | Palisade Wall |
| 18:17 | Build | Palisade Wall |
| 18:18 | Build | Palisade Wall |
| 18:26 | Queue | Villager (Male) |
| 18:28 | Queue | Villager (Male) |
| 18:30 | Build | Mining Camp |
| 18:35 | Queue | Spearman |
| 18:51 | Queue | Villager (Male) |
| 19:10 | Queue | Skirmisher |
| 19:12 | Queue | Villager (Male) |
| 19:15 | Queue | Villager (Male) |
| 19:18 | Build | Market |
| 19:25 | Queue | Villager (Male) |
| 19:27 | Queue | Skirmisher |
| 19:40 | Queue | Villager (Male) |
| 19:43 | Build | Farm |
| 19:44 | Build | Farm |
| 20:34 | Build | Farm |
| 20:59 | Queue | Spearman |
| 21:00 | Queue | Spearman |
| 21:07 | Research | Castle Age |
| 21:08 | Research | Castle Age |
| 21:35 | Queue | Spearman |
| 22:07 | Build | Watch Tower |
| 22:38 | Build | Stable |
| 22:56 | Build | Stable |
| 23:25 | Queue | Spearman |
| 23:35 | Build | Palisade Wall |
| 23:36 | Build | Palisade Wall |
| 23:36 | Build | Palisade Wall |
| 23:36 | Build | Palisade Wall |
| 23:37 | Build | Palisade Wall |
| 23:37 | Build | Palisade Wall |
| 23:37 | Build | Palisade Wall |
| 23:47 | Age | Castle Age |
| 23:50 | Queue | Villager (Male) |
| 23:53 | Queue | Knight |
| 23:54 | Queue | Knight |
| 23:56 | Build | Stable |
| 24:31 | Queue | Villager (Male) |
| 24:35 | Queue | Knight |
| 24:36 | Queue | Knight |
| 24:38 | Research | Scale Barding Armor |
| 24:38 | Research | Scale Barding Armor |
| 24:58 | Build | Mining Camp |
| 25:07 | Queue | Villager (Male) |
| 25:19 | Queue | Villager (Male) |
| 25:21 | Build | Lumber Camp |
| 25:23 | Queue | Knight |
| 25:23 | Queue | Knight |
| 25:26 | Research | Double-Bit Axe |
| 25:26 | Research | Double-Bit Axe |
| 25:27 | Research | Double-Bit Axe |
| 25:31 | Queue | Villager (Male) |
| 25:33 | Queue | Knight |
| 25:33 | Queue | Knight |
Build order — j1nkerS
First 150 of 949 actions detected
| 0:01 | Queue | Villager (Male) |
| 0:01 | Queue | Villager (Male) |
| 0:02 | Queue | Villager (Male) |
| 0:02 | Queue | Villager (Male) |
| 0:02 | Queue | Villager (Male) |
| 0:03 | Build | House |
| 0:04 | Build | House |
| 1:32 | Build | Mill |
| 1:35 | Build | Lumber Camp |
| 1:40 | Queue | Villager (Male) |
| 1:40 | Queue | Villager (Male) |
| 2:04 | Queue | Villager (Male) |
| 2:04 | Queue | Villager (Male) |
| 2:29 | Queue | Villager (Male) |
| 2:55 | Queue | Villager (Male) |
| 3:25 | Queue | Villager (Male) |
| 3:25 | Queue | Villager (Male) |
| 3:46 | Queue | Villager (Male) |
| 3:50 | Queue | Villager (Male) |
| 3:50 | Queue | Villager (Male) |
| 3:56 | Build | House |
| 4:40 | Queue | Villager (Male) |
| 4:41 | Queue | Villager (Male) |
| 4:46 | Queue | Villager (Male) |
| 4:46 | Queue | Villager (Male) |
| 4:46 | Queue | Villager (Male) |
| 5:01 | Queue | Villager (Male) |
| 5:32 | Build | Mill |
| 6:41 | Research | Feudal Age |
| 8:01 | Build | Barracks |
| 8:31 | Queue | Villager (Male) |
| 8:44 | Build | House |
| 8:55 | Age | Feudal Age |
| 9:15 | Build | Archery Range |
| 9:34 | Queue | Villager (Male) |
| 9:37 | Research | Loom |
| 10:03 | Queue | Archer |
| 10:07 | Build | Mill |
| 10:19 | Queue | Villager (Male) |
| 10:30 | Queue | Skirmisher |
| 10:47 | Queue | Villager (Male) |
| 10:47 | Queue | Villager (Male) |
| 10:53 | Build | House |
| 11:00 | Research | Town Watch |
| 11:06 | Queue | Skirmisher |
| 11:19 | Build | House |
| 11:25 | Queue | Villager (Male) |
| 11:39 | Build | Watch Tower |
| 11:52 | Queue | Villager (Male) |
| 12:03 | Queue | Skirmisher |
| 12:26 | Queue | Villager (Male) |
| 12:39 | Queue | Villager (Male) |
| 12:43 | Build | Lumber Camp |
| 13:23 | Queue | Villager (Male) |
| 13:26 | Queue | Skirmisher |
| 13:39 | Queue | Villager (Male) |
| 13:57 | Queue | Villager (Male) |
| 14:10 | Queue | Villager (Male) |
| 14:11 | Build | House |
| 14:33 | Build | Farm |
| 14:33 | Build | Farm |
| 14:33 | Build | Farm |
| 14:34 | Build | Farm |
| 14:34 | Build | Farm |
| 14:34 | Build | Farm |
| 14:34 | Build | Farm |
| 14:36 | Research | Horse Collar |
| 14:38 | Research | Double-Bit Axe |
| 14:51 | Queue | Skirmisher |
| 14:57 | Queue | Villager (Male) |
| 15:00 | Build | Farm |
| 15:00 | Build | Farm |
| 15:00 | Build | Farm |
| 15:00 | Build | Farm |
| 15:01 | Build | Farm |
| 15:07 | Build | Farm |
| 15:09 | Queue | Skirmisher |
| 15:28 | Queue | Villager (Male) |
| 15:36 | Build | Farm |
| 15:45 | Queue | Skirmisher |
| 15:55 | Build | House |
| 16:01 | Build | Farm |
| 16:04 | Research | Wheelbarrow |
| 16:24 | Queue | Skirmisher |
| 16:38 | Build | Farm |
| 16:38 | Build | Farm |
| 16:39 | Build | Farm |
| 17:16 | Queue | Skirmisher |
| 17:44 | Queue | Villager (Male) |
| 17:44 | Queue | Villager (Male) |
| 17:55 | Build | Farm |
| 17:56 | Queue | Villager (Male) |
| 18:16 | Build | Mining Camp |
| 18:17 | Queue | Villager (Male) |
| 18:24 | Queue | Skirmisher |
| 18:28 | Build | Farm |
| 18:45 | Queue | Villager (Male) |
| 18:46 | Build | Stable |
| 18:54 | Queue | Villager (Male) |
| 19:16 | Queue | Villager (Male) |
| 19:39 | Queue | Scout Cavalry |
| 19:42 | Queue | Villager (Male) |
| 19:48 | Queue | Villager (Male) |
| 19:50 | Build | Market |
| 20:17 | Queue | Villager (Male) |
| 20:21 | Build | Farm |
| 20:22 | Build | Farm |
| 20:26 | Queue | Scout Cavalry |
| 20:39 | Queue | Villager (Male) |
| 20:47 | Build | Farm |
| 20:48 | Build | Farm |
| 20:51 | Build | Mill |
| 20:55 | Build | Farm |
| 20:56 | Build | Farm |
| 21:02 | Build | Farm |
| 21:02 | Build | Farm |
| 21:03 | Build | Farm |
| 21:07 | Queue | Villager (Male) |
| 21:08 | Queue | Villager (Male) |
| 21:31 | Build | House |
| 21:45 | Build | Mining Camp |
| 21:57 | Queue | Villager (Male) |
| 22:06 | Build | Farm |
| 22:06 | Build | Farm |
| 22:07 | Build | Farm |
| 22:07 | Build | Farm |
| 22:07 | Build | Farm |
| 22:28 | Queue | Villager (Male) |
| 22:39 | Queue | Villager (Male) |
| 22:46 | Build | Farm |
| 22:51 | Build | Farm |
| 22:57 | Queue | Villager (Male) |
| 23:20 | Research | Castle Age |
| 23:33 | Queue | Villager (Male) |
| 23:47 | Build | House |
| 23:51 | Build | Market |
| 23:55 | Build | Palisade Wall |
| 24:18 | Build | Watch Tower |
| 24:26 | Research | Stone Mining |
| 24:42 | Build | Palisade Wall |
| 24:53 | Queue | Villager (Male) |
| 25:06 | Build | House |
| 25:08 | Build | Palisade Wall |
| 25:57 | Build | House |
| 26:00 | Build | Palisade Wall |
| 26:02 | Age | Castle Age |
| 26:12 | Queue | Villager (Male) |
| 26:19 | Queue | Villager (Male) |
| 26:27 | Research | Bow Saw |
| 26:30 | Queue | Villager (Male) |
Match timeline
| 7:58 | Mingzhou · first_building Barracks |
| 8:01 | j1nkerS · first_building Barracks |
| 8:51 | Mingzhou · age_up feudal |
| 8:55 | j1nkerS · age_up feudal |
| 8:57 | Mingzhou · first_building Archery Range |
| 9:15 | j1nkerS · first_building Archery Range |
| 16:49 | Mingzhou · wall_segment Palisade Wall x1 |
| 16:50 | Mingzhou · wall_segment Palisade Wall x1 |
| 18:16 | Mingzhou · wall_segment Palisade Wall x1 |
| 18:17 | Mingzhou · wall_segment Palisade Wall x1 |
| 18:18 | Mingzhou · wall_segment Palisade Wall x1 |
| 18:46 | j1nkerS · first_building Stable |
| 20:52 | Mingzhou · first_market_sell 100 wood |
| 22:38 | Mingzhou · first_building Stable |
| 23:06 | j1nkerS · first_market_sell 100 wood |
| 23:35 | Mingzhou · wall_segment Palisade Wall x1 |
| 23:36 | Mingzhou · wall_segment Palisade Wall x1 |
| 23:36 | Mingzhou · wall_segment Palisade Wall x1 |
| 23:36 | Mingzhou · wall_segment Palisade Wall x2 |
| 23:37 | Mingzhou · wall_segment Palisade Wall x1 |
| 23:37 | Mingzhou · wall_segment Palisade Wall x1 |
| 23:37 | Mingzhou · wall_segment Palisade Wall x1 |
| 23:47 | Mingzhou · age_up castle |
| 23:55 | j1nkerS · wall_segment Palisade Wall x1 |
| 24:42 | j1nkerS · wall_segment Palisade Wall x1 |
| 25:08 | j1nkerS · wall_segment Palisade Wall x6 |
| 26:00 | j1nkerS · wall_segment Palisade Wall x1 |
| 26:02 | j1nkerS · age_up castle |
| 26:49 | j1nkerS · first_building Monastery |
| 27:46 | j1nkerS · first_market_buy 100 stone |
| 27:51 | j1nkerS · first_building Castle |
| 29:59 | Mingzhou · first_building Siege Workshop |
| 30:34 | j1nkerS · wall_segment Palisade Wall x1 |
| 30:41 | j1nkerS · wall_segment Palisade Wall x1 |
| 33:10 | j1nkerS · first_building Siege Workshop |
| 35:04 | j1nkerS · wall_segment Palisade Wall x1 |
| 42:48 | Mingzhou · first_building Monastery |
| 43:50 | Mingzhou · age_up imperial |
| 43:53 | Mingzhou · first_building Castle |
| 47:55 | j1nkerS · age_up imperial |
| 58:39 | j1nkerS · wall_segment Palisade Wall x1 |
| 62:08 | j1nkerS · wall_segment Palisade Wall x1 |
| 62:36 | j1nkerS · wall_segment Palisade Wall x1 |
| 70:35 | j1nkerS · resign |
[ AI ANALYSIS · 1 CREDIT ]
What really happened in this match?
Wolo.gg analyzes every decision: build order, eco, micro, common mistakes by bracket. Personalized analysis on WhatsApp or Discord in 30 seconds.
Civ guide
Huns
Perfil
Jugador #358539